AoeStats
← michaelnaro

Arena

510615998Analyzed
2v2 RM · 2d ago on Oct 1, 2026· 113m 16s· 4 players
Game mode
Random Map
Map size
Medium (4 player)
Population
200
Speed
Normal
Resources
Standard
Victory
Conquest
Starting age
Dark Age
Ending age
Imperial Age
RankedLock teamsTeams togetherTeam positionsShared explorationLock speedFull tech treeHidden civsTurbo modeCheats
Victory
Defeat
🇵🇹 Portuguese · Portugal
749
+9
🇮🇳 Dravidians · India
644
+13
🇮🇱 Portuguese · Israel
580
-11
🇮🇱 Britons · Israel
573
-11
House of Huns
5:42 Loom
dvdsnts13
0:28 Loom
11:46 Feudal Age
13:11 Wheelbarrow
12:22 Town Watch
12:24 Double-Bit Axe
12:24 Horse Collar
12:36 Gold Mining
12:39 Stone Mining
18:45 Castle Age
19:46 Hand Cart
19:31 Town Patrol
22:46 Bow Saw
23:11 Heavy Plow
34:00 Imperial Age
34:20 Forging
34:10 Scale Mail Armor
34:01 Fletching
34:14 Padded Archer Armor
35:02 Arquebus
35:23 Conscription
36:41 Chemistry
36:02 Ballistics
35:48 Siege Engineers
37:51 Two-Man Saw
37:31 Crop Rotation
37:39 Iron Casting
37:19 Chain Mail Armor
37:00 Bodkin Arrow
37:21 Leather Archer Armor
37:32 Elite Organ Gun
38:30 Treadmill Crane
39:02 Masonry
38:48 Murder Holes
39:03 Fortified Wall
38:44 Guard Tower
40:18 Gambesons
39:53 Pikeman
40:19 Arson
41:41 Blast Furnace
41:19 Plate Mail Armor
43:21 Bracer
43:52 Ring Archer Armor
45:32 Thumb Ring
44:48 Elite Skirmisher
45:56 Bombard Tower
46:07 Architecture
45:28 Heated Shot
46:14 Keep
105:59 Halberdier
Pablecito
8:18 Loom
10:57 Feudal Age
11:24 Horse Collar
11:34 Double-Bit Axe
11:54 Man-at-Arms
19:24 Forging
19:08 Fletching
19:21 Padded Archer Armor
19:22 Scale Mail Armor
24:33 Castle Age
25:54 Heavy Plow
26:13 Bow Saw
26:39 Caravan
27:10 Bodkin Arrow
27:31 Leather Archer Armor
30:46 Chain Mail Armor
31:07 Iron Casting
29:55 Long Swordsman
30:21 Gambesons
29:59 Elite Skirmisher
30:57 Pikeman
31:38 Squires
31:25 Arson
33:56 Town Watch
34:48 Wheelbarrow
34:43 Ballistics
34:19 Murder Holes
40:50 Imperial Age
39:03 Crossbowman
42:18 Two-Handed Swordsman
43:14 Champion
47:19 Scale Barding Armor
48:17 Blast Furnace
46:47 Cavalier
47:28 Husbandry
51:23 Chain Barding Armor
52:38 Husbandry
79:26 Chain Barding Armor
79:37 Plate Mail Armor
80:31 Plate Barding Armor
94:42 Light Cavalry
michaelnaro
4:48 Loom
11:05 Feudal Age
12:44 Wheelbarrow
12:02 Double-Bit Axe
12:09 Horse Collar
12:46 Gold Mining
14:25 Town Watch
15:57 Town Watch
17:09 Forging
16:23 Man-at-Arms
16:50 Arson
18:59 Stone Mining
19:24 Scale Mail Armor
19:59 Fletching
24:09 Castle Age
23:48 Padded Archer Armor
24:55 Caravan
25:08 Bow Saw
25:02 Heavy Plow
25:40 Long Swordsman
26:05 Gambesons
27:13 Hand Cart
27:42 Bodkin Arrow
28:26 Iron Casting
29:24 Stone Shaft Mining
31:01 Town Patrol
34:42 Bodkin Arrow
35:03 Chain Mail Armor
42:45 Imperial Age
40:18 Treadmill Crane
41:01 Ballistics
44:40 Two-Man Saw
44:22 Crop Rotation
43:22 Two-Handed Swordsman
45:25 Conscription
45:22 Champion
46:58 Bracer
49:00 Blast Furnace
49:28 Elite Organ Gun
51:08 Heated Shot
51:26 Siege Engineers
57:02 Plate Mail Armor
57:43 Leather Archer Armor
58:44 Chemistry
59:16 Arquebus
85:35 Bombard Tower
93:29 Scale Barding Armor
93:55 Ring Archer Armor
Connection lost

Rejoining the realm…

Still unreachable

The connection could not be restored.

Session expired

The server has moved on; the page needs a fresh start.